AoeStats
← 公鸡神探

Oasis

507513992Analyzed
4v4 RM · 14d ago on Sep 18, 2026· 46m 45s· 8 players
Game mode
Random Map
Map size
Large (8 player)
Population
200
Speed
Normal
Resources
Standard
Victory
Conquest
Starting age
Dark Age
Ending age
Imperial Age
RankedLock teamsTeams togetherTeam positionsShared explorationLock speedFull tech treeHidden civsTurbo modeCheats
Victory
Defeat
🇺🇸 Mongols · United States
1192
+15
🇨🇳 Malay · China
1175
+16
🇨🇳 Sicilians · China
1159
+17
1107
+19
🇧🇷 Saracens · Brazil
1226
-18
🇦🇷 Goths · Argentina
1205
-18
🇦🇷 Wu · Argentina
1169
-17
🇧🇷 Maya · Brazil
1100
-14
SirT_LaGzero
2:02 Loom
10:39 Feudal Age
15:15 Fletching
18:47 Padded Archer Armor
21:38 Double-Bit Axe
26:41 Castle Age
26:01 Gold Mining
26:01 Horse Collar
27:04 Stone Mining
29:06 Thumb Ring
29:43 Crossbowman
31:42 Bodkin Arrow
34:09 Wheelbarrow
34:16 Town Watch
35:14 Hand Cart
35:37 Heavy Plow
38:58 Murder Holes
39:38 Town Patrol
40:52 Hul'che Javelineers
42:19 Ballistics
43:14 Masonry
43:22 Leather Archer Armor
45:56 Imperial Age
42:52 Elite Skirmisher
44:18 Bow Saw
Capiango2.0
13:09 Feudal Age
11:34 Loom
16:49 Castle Age
14:40 Double-Bit Axe
14:54 Horse Collar
15:48 Scale Mail Armor
16:45 Arson
17:36 Squires
17:51 Heavy Plow
18:13 Chain Mail Armor
18:52 Bow Saw
21:10 Forging
26:34 Pikeman
29:19 Iron Casting
36:30 Wheelbarrow
37:09 Man-at-Arms
40:22 Imperial Age
38:21 Long Swordsman
40:36 Hand Cart
40:55 Two-Handed Swordsman
41:31 Treadmill Crane
43:16 Plate Mail Armor
43:47 Blast Furnace
43:16 Scale Barding Armor
45:45 Bloodlines
45:35 Husbandry
45:45 Bloodlines
45:35 Husbandry
SirT_Hanomontano
4:54 Loom
10:59 Feudal Age
11:31 Town Watch
21:22 Castle Age
26:02 Horse Collar
32:50 Crossbowman
35:04 Fletching
36:04 Bodkin Arrow
36:38 Padded Archer Armor
DT.Bilardo
10:43 Feudal Age
14:42 Castle Age
13:09 Double-Bit Axe
21:48 Loom
25:15 Bow Saw
24:48 Horse Collar
26:25 Wheelbarrow
28:41 Hand Cart
33:07 Imperial Age
32:58 Anarchy
34:26 Conscription
35:03 Squires
34:24 Man-at-Arms
34:33 Man-at-Arms
35:04 Long Swordsman
35:35 Two-Handed Swordsman
36:06 Champion
36:57 Perfusion
37:31 Scale Mail Armor
37:41 Forging
38:42 Chain Mail Armor
40:19 Iron Casting
42:19 Chemistry
Blackacre_Manor
5:16 Loom
11:19 Feudal Age
12:09 Double-Bit Axe
16:23 Fletching
17:32 Padded Archer Armor
17:46 Gold Mining
27:14 Castle Age
30:41 Castle Age
38:28 Bow Saw
42:44 Ballistics
44:23 Bloodlines
44:13 Husbandry
49:52 Imperial Age
翻斗花园突破手绫小路
11:09 Feudal Age
12:04 Double-Bit Axe
15:05 Castle Age
13:24 Horse Collar
21:38 Stone Mining
21:39 Gold Mining
22:00 Light Cavalry
22:53 Bloodlines
23:43 Scale Barding Armor
25:44 Chain Barding Armor
35:02 Wheelbarrow
34:12 Loom
34:13 Town Watch
35:39 Husbandry
36:28 Gold Shaft Mining
36:47 Padded Archer Armor
36:38 Fletching
40:08 Imperial Age
38:49 Bow Saw
39:07 Leather Archer Armor
38:47 Bodkin Arrow
40:43 Bodkin Arrow
41:39 Ballistics
44:20 Bracer
46:01 Two-Man Saw
45:40 Ring Archer Armor
45:49 Conscription
46:06 Recurve Bow
无甲的joe
6:33 Loom
8:59 Feudal Age
13:50 Horse Collar
24:08 Castle Age
22:22 Double-Bit Axe
33:55 Imperial Age
32:00 Wheelbarrow
32:07 Heavy Plow
32:29 Town Watch
32:50 Stone Mining
32:57 Gold Mining
33:39 Bow Saw
34:43 First Crusade
34:01 Elite Serjeant
35:02 Conscription
35:22 Gold Shaft Mining
35:05 Forging
34:55 Scale Mail Armor
36:46 Chain Mail Armor
37:06 Iron Casting
37:32 Crop Rotation
36:33 Capped Ram
37:40 Squires
37:25 Arson
40:04 Blast Furnace
39:34 Plate Mail Armor
39:17 Siege Ram
公鸡神探
7:52 Loom
10:29 Feudal Age
9:41 Man-at-Arms
11:39 Double-Bit Axe
11:35 Horse Collar
19:38 Castle Age
20:53 Bow Saw
31:28 Forging
31:34 Gold Mining
35:34 Imperial Age
32:46 Long Swordsman
33:29 Squires
33:14 Arson
35:14 Iron Casting
34:30 Two-Handed Swordsman
35:13 Forced Levy
36:16 Heavy Plow
37:37 Conscription
38:31 Scale Barding Armor
39:37 Capped Ram
41:34 Blast Furnace
Connection lost

Rejoining the realm…

Still unreachable

The connection could not be restored.

Session expired

The server has moved on; the page needs a fresh start.